 Dungeon Crawl Stone Soup version 0.23.2-33-g5129a83184 (webtiles) character file.

Game seed: 14376860277893569406

8801 DorianNounverber the Geomancer (level 11, -3/64 HPs)
             Began as a Gargoyle Earth Elementalist on July 15, 2019.
             Was a Believer of Vehumet.
             Slain by a freezing wraith (12 damage)
             ... on level 8 of the Dungeon on July 16, 2019.
             The game lasted 00:49:51 (13572 turns).

DorianNounverber the Geomancer (GrEE)              Turns: 13572, Time: 00:49:53

Health: -3/64      AC: 17    Str: 12    XL:     11   Next: 36%
Magic:  5/22       EV: 12    Int: 19    God:    Vehumet [**....]
Gold:   398        SH:  0    Dex: 13    Spells: 1/25 levels left

rFire    . . .     SeeInvis .   y - +2 whip (venom)
rCold    . . .     Gourm    .   (no shield)
rNeg     + . .     Faith    .   G - +1 ring mail of Meceal {rPois Dex+3}
rPois    ∞         Spirit   .   L - +0 hat
rElec    +         Reflect  .   k - +0 cloak
rCorr    .         Harm     .   F - +0 pair of gloves
MR       .....                  P - +0 pair of boots
Stlth    +.........             (no amulet)
HPRegen  0.20/turn              (no ring)
MPRegen  0.18/turn              (no ring)

@: very slightly contaminated, slowed, very slow
A: negative energy resistance 1, electricity resistance, unbreathing,
petrification resistance, rot immunity, AC +8
a: Renounce Religion


You were on level 8 of the Dungeon.
You worshipped Vehumet.
Vehumet was pleased with you.
You were not hungry.

You visited 2 branches of the dungeon, and saw 10 of its levels.

You collected 444 gold pieces.
You spent 46 gold pieces at shops.

Inventory:

Hand Weapons
 a - a +0 club
 q - a +0 flail
 y - a +2 whip of venom (weapon)
 J - a +1 mace of protection
Missiles
 b - 165 stones (quivered)
 l - 2 curare-tipped needles
 u - 6 poisoned needles
 K - a throwing net
 N - 2 tomahawks
Armour
 c - a +0 robe
 k - a +0 cloak (worn)
 F - a +0 pair of gloves (worn)
 G - the +1 ring mail of Meceal (worn) {rPois Dex+3}
   (You found it on level 7 of the Dungeon)

   It affects your dexterity (+3).
   It protects you from poison.
 L - a +0 hat (worn)
 P - a +0 pair of boots (worn)
Jewellery
 A - an uncursed amulet of the gourmand {unknown}
Wands
 v - a wand of iceblast (3)
 w - a wand of random effects (12)
 O - a wand of polymorph (7)
Scrolls
 f - 5 scrolls of remove curse
 g - 4 scrolls of amnesia
 i - a scroll of blinking {unknown}
 j - 2 scrolls of enchant weapon
 o - 2 scrolls of enchant armour {unknown}
 r - 2 scrolls of noise {unknown}
 t - 4 scrolls of identify
 x - a scroll of teleportation
 I - 2 scrolls of magic mapping {unknown}
 M - a scroll of summoning {unknown}
Potions
 h - 3 potions of invisibility
 m - 6 potions of curing
 n - 3 potions of berserk rage
 p - 2 potions of ambrosia
 s - a potion of brilliance {unknown}
 z - a potion of haste {unknown}
 B - a potion of mutation {unknown}
 C - 3 potions of flight {unknown}
 D - a potion of agility {unknown}
 E - a potion of lignification {unknown}
 H - a potion of resistance {unknown}
Comestibles
 d - 2 rations


   Skills:
 + Level 5.9 Fighting
 + Level 4.5 Maces & Flails
 + Level 4.9 Dodging
 - Level 2.1 Stealth
 * Level 7.7 Spellcasting
 + Level 5.0 Conjurations
 + Level 4.0 Summonings
 - Level 0.7 Transmutations
 + Level 4.2 Fire Magic
 * Level 10.3 Earth Magic
 + Level 4.1 Evocations


You had one spell level left.
You knew the following spells:

 Your Spells              Type           Power        Failure   Level  Hunger
a - Sandblast             Erth           #####.       1%          1    None
b - Stone Arrow           Conj/Erth      #####.       2%          3    #......
c - Blink                 Tloc           N/A          32%         2    None
d - Call Imp              Summ           ###.....     6%          2    None
e - Lee's Rapid Deconstr  Erth           #####.....   9%          5    #####..
f - Conjure Flame         Conj/Fire      ###.....     10%         3    #......
g - Magic Dart            Conj           ####         2%          1    None
h - Passwall              Tmut/Erth      ####....     3%          2    None
i - Flame Tongue          Conj/Fire      ###..        3%          1    None
j - Petrify               Tmut/Erth      ####....     22%         4    ###....

Your spell library contained the following spells:

 Spells                   Type           Power        Failure   Level  Hunger
 Searing Ray              Conj           ####..       4%          2    None
 Confusing Touch          Hex            #.....       22%         1    None
 Slow                     Hex            #.......     32%         2    None
 Mephitic Cloud           Conj/Pois/Air  ##......     32%         3    #......
 Confuse                  Hex            #.......     54%         3    #......
 Gell's Gravitas          Tloc           #.........   54%         3    #......
 Metabolic Englaciation   Hex/Ice        #.........   99%         5    #####..
 Yara's Violent Unravell  Hex/Tmut       #.........   99%         5    #####..


Dungeon Overview and Level Annotations

Branches:
Dungeon (9/15)             Temple (1/1) D:6
   Lair: D:8-11         Orc: D:9-12

Altars:
Ashenzari
Cheibriados
Dithmenos
Elyvilon
Fedhas
Gozag
Hepliaklqana
Kikubaaqudgha
Makhleb
Nemelex Xobeh
Okawaru
Qazlal
Ru
Sif Muna
Trog
Uskayaw
Vehumet
Wu Jian
Xom
Yredelemnul
Zin
The Shining One

Shops:
D:8 *

Annotations:
D:9 Ge0ff's ghost, novice GrEE


Innate Abilities, Weirdness & Mutations

You are resistant to torment.
Your stone body is resilient. (AC +8)
You are immune to poison.
You resist negative energy. (rN+)
You are resistant to electric shocks. (rElec)
You can survive without breathing.
You are immune to petrification.
You are immune to rotting.


Message History

Casting: Blink (safe; 32% risk of failure)
Confirm with . or Enter, or press ? or * to list all spells.
You miscast Blink.
You are very lightly contaminated with residual magic.
You catch a glimpse of the back of your own head.
The freezing wraith hits you but does no damage. x2
The freezing wraith hits you. The freezing wraith freezes you!
* * * LOW HITPOINT WARNING * * *
The freezing wraith hits you but does no damage.
Casting: Blink (safe; 32% risk of failure)
Confirm with . or Enter, or press ? or * to list all spells.
You blink.
Casting: Blink (safe; 32% risk of failure)
Confirm with . or Enter, or press ? or * to list all spells.
You miscast Blink.
The world appears momentarily distorted!
The freezing wraith hits you.
* * * LOW HITPOINT WARNING * * *
The freezing wraith freezes you!
You die...

#.........# #.........#
####### #####.#####
##.....# #.####.
#......# #.#<##.
#......#######.#.##.
#>.....'............
#......#######.#.##.
#..@W...............
#####......#######.#.###
#..........# #.#....
#..........# #......
#..........# #######
#.....####<#
#.....####.########
#.................#
#.....[.......)...#


You could see a freezing wraith.

Vanquished Creatures
  Gastronok (D:8)
  Pikel (D:6)
  Joseph (D:8)
  A troll (D:9)
  A hippogriff (D:7)
  A wyvern (D:9)
  4 wraiths (D:9)
  9 yaks
  Grum (D:8)
  2 water moccasins
  An orc warrior (D:8)
  An ice beast (D:8)
  2 sky beasts
  A necrophage (D:7)
  9 ogres
  2 slaves
  2 phantoms
  3 wolves (D:8)
  2 centaurs
  2 big kobolds (D:8)
  2 bullfrogs
  2 wyvern zombies (D:6)
  A gnoll sergeant (D:5)
  2 scorpions
  4 wights (D:9)
  4 crimson imps
  A bullfrog zombie (D:8)
  3 hounds
  5 orc wizards (D:8)
  An orc priest (D:7)
  3 centaur skeletons
  2 iguanas
  5 worker ants
  A hound skeleton (D:8)
  13 gnolls
  A howler monkey skeleton (D:4)
  9 adders
  A shadow imp (D:5)
  2 oozes (D:7)
  An adder zombie (D:9)
  2 adder skeletons
  3 dart slugs
  8 leopard geckos
  13 orcs
  2 giant cockroaches
  4 goblins
  9 hobgoblins
  7 jackals
  15 kobolds
  5 quokkas
  3 bats (D:1)
  4 frilled lizards
  A giant cockroach zombie (D:5)
  A quokka skeleton (D:8)
  8 rats
195 creatures vanquished.

Vanquished Creatures (collateral kills)
  A sky beast (D:5)
  An ice beast (D:5)
  3 gnolls (D:5)
  An adder skeleton (D:4)
  A leopard gecko (D:4)
  2 orcs
  A jackal (D:5)
  A jackal skeleton (D:5)
11 creatures vanquished.

Grand Total: 206 creatures vanquished

Notes
Turn   | Place    | Note
-------+----------+-------------------------------------------
     0 | D:1      | DorianNounverber the Gargoyle Earth Elementalist began the
                  | quest for the Orb.
     0 | D:1      | Reached XP level 1. HP: 10/10 MP: 3/3
   676 | D:1      | Reached XP level 2. HP: 15/16 MP: 5/5
   951 | D:1      | Reached skill level 4 in Earth Magic
  1776 | D:2      | Reached XP level 3. HP: 16/20 MP: 3/6
  1822 | D:2      | Found a sacrificial altar of Ru.
  1834 | D:2      | Reached skill level 1 in Fighting
  1870 | D:2      | Reached XP level 4. HP: 8/25 MP: 3/8
  2279 | D:2      | Found a faded altar of an unknown god.
  2554 | D:2      | Reached XP level 5. HP: 26/29 MP: 9/9
  3040 | D:3      | Reached skill level 5 in Earth Magic
  3205 | D:3      | Found an opulent altar of Gozag.
  3605 | D:4      | Noticed an ogre
  3615 | D:4      | Killed an ogre
  3615 | D:4      | Reached XP level 6. HP: 31/35 MP: 6/11
  3658 | D:4      | Found a stormy altar of Qazlal.
  3659 | D:4      | Noticed a fire elemental
  3659 | D:4      | Noticed a water elemental
  3659 | D:4      | Noticed an air elemental
  3705 | D:4      | Reached skill level 6 in Earth Magic
  3705 | D:4      | Reached XP level 7. HP: 20/40 MP: 3/13
  3752 | D:4      | Found a sparkling altar of Nemelex Xobeh.
  3852 | D:4      | Learned a level 3 spell: Stone Arrow
  3855 | D:4      | Learned a level 2 spell: Blink
  3858 | D:4      | Learned a level 2 spell: Call Imp
  3864 | D:4      | Learned a level 5 spell: Lee's Rapid Deconstruction
  4092 | D:4      | Found an iron altar of Okawaru.
  4099 | D:4      | Found a shadowy altar of Dithmenos.
  4283 | D:5      | Entered Level 5 of the Dungeon
  4312 | D:5      | Found a hazy altar of Hepliaklqana.
  4891 | D:5      | Found a deep blue altar of Sif Muna.
  4976 | D:5      | Reached skill level 1 in Maces & Flails
  4976 | D:5      | Reached skill level 1 in Conjurations
  4976 | D:5      | Reached XP level 8. HP: 37/46 MP: 4/15
  5083 | D:5      | Reached skill level 1 in Evocations
  5310 | D:5      | Reached skill level 7 in Earth Magic
  5652 | D:6      | Reached skill level 5 in Spellcasting
  5652 | D:6      | Reached skill level 1 in Summonings
  5861 | D:6      | Learned a level 3 spell: Conjure Flame
  5930 | D:6      | Found a staircase to the Ecumenical Temple.
  5939 | Temple   | Entered the Ecumenical Temple
  6124 | Temple   | Became a worshipper of Vehumet
  6208 | D:6      | Learned a level 1 spell: Magic Dart
  6412 | D:6      | Noticed Pikel
  7240 | D:6      | Found an iron altar of Okawaru.
  7321 | D:6      | Killed Pikel
  7321 | D:6      | Reached skill level 1 in Fire Magic
  7321 | D:6      | Reached XP level 9. HP: 52/52 MP: 6/17
  7765 | D:7      | Reached skill level 8 in Earth Magic
  7788 | D:7      | Got a twisted ring mail
  8008 | D:7      | Identified the +1 ring mail of Meceal {rPois Dex+3} (You
                  | found it on level 7 of the Dungeon)
  8565 | D:7      | Learned a level 2 spell: Passwall
  9125 | D:8      | Found Heopra's Assorted Antiques.
  9130 | D:8      | Bought a scroll labeled POULUI KYVEZAC for 23 gold pieces
  9130 | D:8      | Bought a scroll labeled FULOIB UPPIO for 23 gold pieces
  9464 | D:8      | Noticed Grum
  9468 | D:8      | Reached * piety under Vehumet
  9468 | D:8      | Offered knowledge of Flame Tongue by Vehumet.
  9476 | D:8      | Reached XP level 10. HP: 47/58 MP: 7/19
  9479 | D:8      | Learned a level 1 spell: Flame Tongue
  9484 | D:8      | Killed Grum
  9686 | D:8      | Reached skill level 9 in Earth Magic
  9742 | D:8      | Noticed Gastronok
 10088 | D:8      | Noticed Joseph
 10103 | D:8      | Killed Joseph
 10103 | D:8      | Reached skill level 5 in Fighting
 11239 | D:7      | Found an opulent altar of Gozag.
 11713 | D:8      | Killed Gastronok
 11890 | D:8      | Reached XP level 11. HP: 22/64 MP: 1/21
 12268 | D:9      | Reached skill level 10 in Earth Magic
 12345 | D:9      | Offered knowledge of Searing Ray by Vehumet.
 12354 | D:9      | Learned a level 4 spell: Petrify
 12462 | D:9      | Reached ** piety under Vehumet
 12762 | D:9      | Found a runed translucent gate.
 12762 | D:9      | Found a runed translucent gate.
 12762 | D:9      | Found a runed translucent gate.
 12762 | D:9      | Noticed Ge0ff's ghost (novice GrEE)
 13282 | D:9      | Reached skill level 5 in Conjurations
 13572 | D:8      | Slain by a freezing wraith

Skill      XL: |  1  2  3  4  5  6  7  8  9 10 11 |
---------------+----------------------------------+-----
Earth Magic    | 4 5 6 7 8 9 10 | 10.3
Fighting       | 1 2 3 4 5 |  5.9
Dodging        | 2 3 4 |  4.9
Spellcasting   | 3 4 5 6 7 |  7.7
Maces & Flails | 1 2 3 4 |  4.5
Conjurations   | 1 2 3 4 5 |  5.0
Evocations     | 2 3 4 |  4.1
Summonings     | 2 3 4 |  4.0
Fire Magic     | 1 2 3 4 |  4.2
Stealth        | |  2.1
Transmutations | |  0.7

Action                   |  1- 3 |  4- 6 |  7- 9 | 10-12 || total
-------------------------+-------+-------+-------+-------++-------
Melee: Club              |   140 |       |       |       ||   140
       Unarmed           |     8 |       |       |       ||     8
       Flail             |       |    99 |    46 |       ||   145
       Whip              |       |       |   154 |    89 ||   243
 Cast: Sandblast         |    11 |    25 |    85 |    96 ||   217
       Call Imp          |       |       |    25 |     7 ||    32
       Lee's Rapid Decon |       |       |     9 |    16 ||    25
       Magic Dart        |       |       |    33 |    41 ||    74
       Conjure Flame     |       |       |     3 |    10 ||    13
       Stone Arrow       |       |       |     7 |    30 ||    37
       Blink             |       |       |     1 |     7 ||     8
       Passwall          |       |       |     1 |       ||     1
Evoke: Wand              |       |       |       |     1 ||     1
  Use: Scroll            |       |     3 |     7 |     1 ||    11
       Potion            |       |       |       |     2 ||     2
 Stab: Sleeping          |     4 |     1 |     1 |       ||     6
       Distracted        |       |       |     1 |       ||     1
  Eat: Chunk             |     2 |     2 |     1 |     3 ||     8
       Ration            |     1 |     1 |     6 |     5 ||    13
Armor: Robe              |    73 |    38 |    83 |       ||   194
       Leather armour    |       |     8 |       |       ||     8
       Ring mail         |       |       |    26 |    83 ||   109
Dodge: Dodged            |   123 |    73 |   130 |    81 ||   407
